 Dungeon Crawl Stone Soup version 0.28-a0-1624-g820543e53a (webtiles) character file.

Game seed: 14689459827552655329

108 oldriver the Chopper (level 4, -1/37 HPs)
             Began as a Ghoul Wanderer on Jan 24, 2022.
             Slain by a crimson imp (4 damage)
             ... summoned by Natasha
             ... on level 3 of the Dungeon.
             The game lasted 00:02:48 (3898 turns).

oldriver the Chopper (Ghoul Wanderer)               Turns: 3898, Time: 00:02:49

Health: -1/37      AC:  4    Str: 15    XL:     4   Next: 87%
Magic:  4/4        EV: 12    Int:  5    God:
Gold:   84         SH:  0    Dex: 12    Spells: 4/5 levels left

rFire   . . .      SeeInvis .   a - +2 hand axe
rCold   + . .      Faith    .   (no shield)
rNeg    + + +      Spirit   .   c - +0 leather armour
rPois   ∞          Reflect  .   (no helmet)
rElec   .          Harm     .   (no cloak)
rCorr   .          Rampage  .   b - +0 pair of gloves
Will    .....                   (no boots)
Stlth   ++........              (no amulet)
HPRegen 0.00/turn               (no ring)
MPRegen 0.09/turn               (no ring)

@: inhibited regen, slowed, very slow
A: claws 1, cold resistance 1, negative energy resistance 3, inhibited
regeneration, torment resistance 2
a: no special abilities


You were on level 3 of the Dungeon.
You visited 1 branch of the dungeon, and saw 3 of its levels.

You collected 84 gold pieces.

Inventory:

Hand Weapons
 a - a +2 hand axe (weapon)
Missiles
 g - 2 poisoned darts
Armour
 b - a +0 pair of gloves (worn)
 c - a +0 leather armour (worn)
Jewellery
 k - an amulet of magic regeneration
Scrolls
 e - 4 scrolls of identify {unknown}
 h - a scroll of immolation {unknown}
 i - a scroll of fog {unknown}
Potions
 d - 4 potions of lignification {unknown}
 f - a potion of berserk rage {unknown}
 j - a potion of invisibility {unknown}
 l - a potion of attraction {unknown}
 m - a potion of curing {unknown}


   Skills:
 + Level 2.6 Fighting
 - Level 4.0 Axes
 + Level 2.8 Dodging
 + Level 2.9 Stealth
 - Level 1.0 Spellcasting
 - Level 1.0 Transmutations


You had 4 spell levels left.
You knew the following spells:

 Your Spells              Type           Power      Damage    Failure   Level
a - Sting                 Tmut/Pois      0%         1d3       43%         1

Your spell library contained the following spells:

 Spells                   Type           Power      Damage    Failure   Level
 Ignite Poison            Fire/Tmut/Pois 0%         N/A       85%         3


Dungeon Overview and Level Annotations

Branches:
Dungeon (3/15)

Altars:

Shops:
D:1 !   D:3 *

Annotations:
D:3 Natasha


Innate Abilities, Weirdness & Mutations

You thrive by killing the living.
You are immune to poison.
You have sharp fingernails.
Your flesh is cold resistant. (rC+)
You are immune to negative energy. (rN+++)
You do not regenerate when monsters are visible.
You are immune to unholy pain and torment.


Message History

The hobgoblin no longer looks unusually strong.
The shadow imp lashes its tail.
The crimson imp closely misses you.
Natasha stares at you and mumbles some strange words.
The magic dart hits you!
The crimson imp blinks!
You hit Natasha but do no damage. Your punch misses Natasha.
Natasha is almost dead.
Natasha closely misses you.
The crimson imp grinds its teeth.
Natasha claws you but does no damage.
You hit Natasha but do no damage. You punch Natasha.
Natasha is almost dead.
The shadow imp disappears in a puff of smoke!
Natasha claws you but does no damage.
You miss Natasha.
Natasha is almost dead.
You hit the crimson imp. Natasha claws you.
The crimson imp hits you but does no damage.
Natasha barely misses you. The crimson imp hits you.
* * * LOW HITPOINT WARNING * * *
You barely miss Natasha.
Natasha is almost dead.
You miss the crimson imp.
An orc comes into view. It is wielding a +0 club.
Natasha misses you. The crimson imp hits you.
* * * LOW HITPOINT WARNING * * *
Natasha barely misses you.
You hit Natasha but do no damage.
Natasha is almost dead.
You hit the crimson imp but do no damage.
The crimson imp hits you but does no damage.
Natasha claws you.
* * * LOW HITPOINT WARNING * * *
The crimson imp misses you.
You completely miss Natasha.
Natasha is almost dead.
You miss the crimson imp. Natasha claws you but does no damage.
The crimson imp hits you but does no damage.
Natasha completely misses you. The crimson imp hits you.
You die...

## .. ### # .. ..# .#
#g #.# .###
#.##gg#####.##...#
#...ggh@5).....#.###
####.g#####....#...###
.....#####..####.....
.(.. ..........#...#.#
###...########.#...#.#
#...# #...#.#.# #...#
####...#### #. #...#
##.##...
#.###...#######
#.##...


You could see Natasha, a crimson imp (summoned), 4 hobgoblins and 2 goblins.

Vanquished Creatures
  Natasha (D:3)
  Robin (D:3)
  A gnoll (D:1)
  A worm (D:2)
  2 dart slugs
  An orc (D:3)
  4 bats
  7 endoplasms
  2 giant cockroaches
  5 goblins
  5 hobgoblins
  2 quokkas
  4 ball pythons
  3 frilled lizards
  8 kobolds
  8 rats
55 creatures vanquished.

Notes
Turn   | Place    | Note
-------+----------+-------------------------------------------
     0 | D:1      | oldriver the Ghoul Wanderer began the quest for the Orb.
     0 | D:1      | oldriver set off with the following items: a +2 hand axe, a
                  | +0 pair of gloves, a +0 leather armour; and the following
                  | spell memorised: Sting; and the following spells available
                  | to memorise: Ignite Poison
     0 | D:1      | Reached XP level 1. HP: 16/16 MP: 1/1
   503 | D:1      | Found Rorghija's Distillery.
   609 | D:1      | Reached XP level 2. HP: 23/23 MP: 2/2
  1309 | D:1      | Reached XP level 3. HP: 2/29 MP: 3/3
  2259 | D:2      | Found a faded altar of an unknown god.
  2880 | D:2      | Reached skill level 4 in Axes
  2943 | D:2      | Reached XP level 4. HP: 34/36 MP: 4/4
  3458 | D:3      | Noticed Natasha
  3479 | D:3      | Killed Natasha
  3789 | D:3      | Found Qanuvvo's Assorted Antiques.
  3860 | D:3      | Identified the +0 helmet of Ilotephu {+Inv rPois rCorr
                  | Str-3}
  3860 | D:3      | Noticed Robin
  3865 | D:3      | Noticed Natasha
  3876 | D:3      | Killed Robin
  3898 | D:3      | Slain by a crimson imp

Illustrated notes

Levels and vault maps discovered:
D:1:      roderic_chinese_lattice_arrival, layout_basic, serial_shops, shop
D:2:      layout_basic, shapermc_ecumenical_altar_totnotflames,
          grunt_ministairs_12
D:3:      layout_loops_cross, serial_shops, shop, kennysheep_cross_bottleneck,
          uniq_natasha, uniq_robin

Skill      XL: |  1  2  3 |
---------------+----------+-----
Dodging        | 2 |  2.8
Stealth        | 2 |  2.9
Fighting       | 2 |  2.6
Axes           | 4 |  4.0
Spellcasting   | |  1.0
Transmutations | |  1.0

Action                   |  1- 3 |  4- 6 || total
-------------------------+-------+-------++-------
Melee: Hand axe          |   120 |    58 ||   178
       Punch             |     4 |     2 ||     6
 Stab: Sleeping          |     7 |       ||     7
Armor: Leather armour    |    28 |    13 ||    41
Dodge: Dodged            |    62 |    40 ||   102

Table legend: (Time is in decaauts)
 A = Elapsed time spent in this place.
 B = Non-inter-level travel time spent in this place.
 C = Inter-level travel time spent in this place.
 D = Time resting spent in this place.
 E = Time spent auto-exploring this place.
 F = Levels seen in this place.
 G = Mean time per level.
                   A        B        C        D        E       F      G
               +--------+--------+--------+--------+--------+-----+--------+
         Total |   3922 |   3799 |    123 |   1359 |   1933 |   3 | 1307.3 |
       Dungeon |   3922 |   3799 |    123 |   1359 |   1933 |   3 | 1307.3 |
               +--------+--------+--------+--------+--------+-----+--------+

Top non-repeatable levels by time:
     D:1: 2211 daAuts
     D:2: 1218 daAuts
     D:3: 492 daAuts
